[Event "26th Hit Open-A 2022"]
[Site "Nova Gorica"]
[Date "2022.09.18"]
[Round "5.33"]
[White "Labrovic, Jakov"]
[Black "Rozman, Monika"]
[Result "1-0"]
[ECO "C22"]
[WhiteElo "1882"]
[BlackElo "2111"]
[Annotator "TA"]
[PlyCount "101"]
[EventDate "2022.09.16"]
[EventType "swiss"]
[EventCountry "SLO"]
[SourceTitle "playchess.com"]
[Source "ChessBase"]
[SourceQuality "1"]
[TimeControl "5400+30"]

1. e4 e5 2. d4 exd4 3. Qxd4 Nc6 4. Qe3 d6 5. Bc4 Nf6 6. f4 {[%emt 0:01:05] C22: Centre Game.} (6. Nc3 $11) 6... Be7 {[%emt 0:00:50] White must now prevent ...d5.} 7. Nf3 (7. Nc3 $11) 7... O-O ({Better is} 7... d5 $1 $15 8. exd5 Nxd5) 8. Nc3 $1 $11 {[%emt 0:00:39] [#] White has an edge.} Na5 $146 ({Predecessor:} 8... Nb4 9. Bb3 Be6 10. a3 Na6 11. Bxe6 fxe6 12. Ng5 Ng4 13. Qh3 Bxg5 14. Qxg4 Bf6 15. Bd2 Nc5 16. O-O Bd4+ 17. Kh1 Rf6 18. f5 Qf8 19. Rf3 Re8 20. Raf1 Nd7 21. Qh5 {½-½ (21) Schoch,T (2070)-Keskowski,T (2160) Berlin 2004}) 9. Bd3 c5 (9... Nc6 $5 ) 10. Bd2 Re8 11. O-O-O $1 c4 {[%emt 0:06:00] ...Ng4 is the strong threat.} 12. Bf1 Bd7 (12... Bf8 $14) 13. e5 $1 $16 Ng4 {[%emt 0:00:25] [#]} 14. Qe1 Bc6 {[%emt 0:07:09] [#]} 15. Nd5 $1 Bxd5 (15... b6 16. Bxa5) 16. Bxa5 {[%emt 0:00:16][%mdl 64] Discovered Attack} b6 17. Rxd5 bxa5 18. h3 (18. Bxc4 $6 Qc7 19. Bd3 dxe5 $16) 18... Nh6 19. Bxc4 Qc7 (19... Qb6 $142 20. Qxa5 dxe5 21. Nxe5 (21. Rxe5 Bd6 $18) 21... Qf2) 20. Qe4 $18 Rab8 21. g4 (21. Bd3 $6 g6 22. g4 Qb7 $18) 21... g6 22. Rhd1 Qb7 (22... Bf8 $142 23. c3 dxe5 24. Nxe5 a4) 23. b3 {[%emt 0:01:07] Active counter play!} Qb4 24. Qe1 (24. Kb1 $142) 24... dxe5 25. Qxb4 ({Much less strong is} 25. Nxe5 Qxe1 26. Rxe1 Rbd8 $18) (25. Rxa5 e4 $16) (25. Qxe5 $6 a4 26. Rd7 Bf8 $18) (25. Rxe5 Qxe1 26. Rdxe1 Ba3+ 27. Kb1 Rxe5 28. Rxe5 Rd8 $18) 25... axb4 26. Nxe5 ({Don't play} 26. fxe5 Rbd8 27. Rd7 a5 $18) ({Resist} 26. Rxe5 Bf8 27. Rd7 Red8 $18) 26... Rb7 27. g5 Nf5 {[%emt 0:00:41] [#]} 28. Nxf7 $1 Kf8 (28... Ne3 29. Ne5) 29. Nd8 Bxd8 30. Rxd8 Rxd8 31. Rxd8+ {[%emt 0:00:06][%mdl 4096] Endgame KRB-KRN} Ke7 32. Rh8 Kd6 33. Rf8 Kc5 34. Bd3 Ne3 (34... Nd6 {keeps fighting.} 35. h4 Kd5) 35. Kd2 Re7 36. f5 gxf5 37. Bxf5 Nf1+ 38. Kd1 (38. Kc1 $142) 38... Kd4 $2 (38... Ne3+ 39. Kd2 Nf1+ 40. Kc1 Ng3) 39. Bd3 Ne3+ (39... Ng3 $142 40. Rf4+ Ke3 41. Rxb4 Nh1) 40. Kd2 Nd5 41. Rd8 {[%emt 0:00:55] aiming for Bc4.} Kc5 (41... Ke5 $142 42. Rf8 Nc7) 42. Rc8+ Kd6 43. Rc4 {[%emt 0:00:48] Prevents Nf4.} a5 44. Rh4 Nc3 45. Bxh7 Re2+ 46. Kd3 Ke5 (46... Re7 $142 47. Bf5 Rg7) 47. Kc4 Rg2 48. Rh5 Kd6 49. g6 Rxc2 50. g7 Nd5+ 51. Bxc2 {[%emt 0:00:21] Black did not feel at home in the position after the opening.  Weighted Error Value: White=0.23 (precise) /Black=0.47} 1-0

[Event "26th Hit Open-A 2022"]
[Site "Nova Gorica"]
[Date "2022.09.18"]
[Round "5.34"]
[White "Centrih, Aleks"]
[Black "Petrovcic, Cvetko"]
[Result "1-0"]
[ECO "C42"]
[WhiteElo "2095"]
[BlackElo "1602"]
[Annotator "TA"]
[PlyCount "115"]
[EventDate "2022.09.16"]
[EventType "swiss"]
[EventCountry "SLO"]
[SourceTitle "playchess.com"]
[Source "ChessBase"]
[SourceQuality "1"]
[TimeControl "5400+30"]

1. e4 e5 2. Nf3 Nf6 3. Nxe5 Nc6 4. Nxc6 dxc6 5. d3 Bc5 {[%emt 0:00:39] [#] Threatens to win with ...Ng4.} 6. Be2 {[%emt 0:00:06] Against Ng4. C42: Petroff Defence: 3 Nxe5 and unusual White 3rd moves.} Ng4 7. Bxg4 Qh4 8. g3 {[%emt 0:00:23] White is better.} (8. Qf3 {seems wilder.} Bxg4 9. Qf4 Bd6 10. e5) 8... Qxg4 9. Qxg4 Bxg4 {[%emt 0:00:44] [#]} 10. h3 $146 ({Predecessor:} 10. O-O h5 11. Kg2 O-O-O 12. h3 Be6 13. Re1 f5 14. Bg5 Rdf8 15. Nd2 h4 16. exf5 {½-½ (41) Suta,A (2251)-Srebrnic,M (2400) Otocec 2021}) 10... Be6 11. Nc3 f5 12. exf5 Bxf5 13. Be3 Be7 14. O-O-O O-O 15. g4 Bg6 16. f4 b5 17. Ne4 Bf7 18. f5 Bd5 19. Rhf1 h6 20. Bf4 {[%emt 0:01:08] White is more active.} Rac8 21. Rfe1 a5 22. Nc3 Bh4 23. Nxd5 cxd5 24. Re5 c6 25. Rd2 Bd8 (25... Kf7 $16 26. Rde2 a4) 26. Re6 $18 Bc7 27. Bxc7 Rxc7 {[%emt 0:00:29][%mdl 4096] Endgame KRR-KRR} 28. Rde2 a4 29. Kd2 d4 30. R2e4 c5 31. Rb6 b4 32. Ra6 b3 33. Rxa4 ({Don't do} 33. cxb3 axb3 34. a4 (34. axb3 Rb7 $18) 34... Rf6 35. Rxf6 gxf6 36. Re8+ Kg7) 33... bxc2 34. Kxc2 g6 35. Re5 ({But not} 35. fxg6 Rf2+ 36. Kb3 Rd2 $18) 35... gxf5 36. gxf5 ({Much less strong is} 36. Rxf5 Re8 37. Ra5 Re2+ 38. Kb3 Rb7+ 39. Kc4 Rc2+ 40. Kd5 c4 41. Kxd4 cxd3 42. Kxd3 Rh2 $18) 36... Rg7 37. Rxc5 Rg2+ 38. Kb1 Rg1+ {[%emt 0:02:05] [#]} 39. Rc1 $1 Rg3 40. Rxd4 Rxh3 41. Rf1 Rh2 42. f6 Rb8 43. f7+ Kf8 44. b3 {[%emt 0:00:06] Strongly threatening Rg4.} Ra8 45. Rg4 {[%emt 0:00:14] White wants to mate with Rg8+.} Ke7 46. Rg8 Rf8 47. Rxf8 Kxf8 {[%emt 0:00:02] KR-KR} 48. a4 Rd2 49. Rf3 h5 50. a5 h4 51. Rh3 Kxf7 52. Rxh4 Rxd3 53. Kc2 {[%emt 0:00:15] White mates.} Re3 54. Rd4 Ke7 55. Rd3 Re1 56. b4 Ra1 57. Kb3 Ke6 58. Kc4 {[%emt 0:00:37] Weighted Error Value: White=0.04 (flawless) /Black=0.24 (precise)} 1-0

[Event "26th Hit Open-A 2022"]
[Site "Nova Gorica"]
[Date "2022.09.18"]
[Round "5.35"]
[White "Mihelic, Vesna"]
[Black "Bajec, Borut"]
[Result "1/2-1/2"]
[ECO "B51"]
[WhiteElo "2031"]
[BlackElo "1732"]
[Annotator "TA"]
[PlyCount "51"]
[EventDate "2022.09.16"]
[EventType "swiss"]
[EventCountry "SLO"]
[SourceTitle "playchess.com"]
[Source "ChessBase"]
[SourceQuality "1"]
[TimeControl "5400+30"]

1. e4 c5 2. Nf3 Nc6 3. Bb5 a6 4. Bxc6 bxc6 5. O-O d6 6. d3 (6. e5 $14 {might be stronger.}) 6... g6 {[%emt 0:00:49] B51: Sicilian: Moscow Variation (3 Bb5+) without 3...Bd7.} (6... e5 $11) 7. Re1 e5 {[%emt 0:01:47] [#]} 8. c3 $1 Bg7 {[%emt 0:00:46] [#] White is better.} 9. d4 $1 cxd4 10. cxd4 {[%emt 0:00:06] [#]} Qc7 $146 ({Predecessor:} 10... exd4 11. e5 dxe5 12. Nxe5 Be6 13. Nxc6 Qb6 14. Qa4 Qb5 15. Qxb5 axb5 16. Na3 Ne7 17. Nxe7 Kxe7 {½-½ (41) Timman,J (2630)-Ljubojevic,L (2625) Hilversum 1987}) 11. dxe5 dxe5 12. b3 Ne7 13. Bb2 O-O 14. Nbd2 Bg4 15. Qc2 Rad8 16. h3 Bc8 ({Black should play} 16... Be6) 17. Rac1 (17. Nc4 $142) 17... Rd7 18. Nc4 f6 19. Bc3 {[%emt 0:01:41] White is more active.} Bh6 20. Ba5 $36 {[%emt 0:02:31][%mdl 2048] White has strong initiative.} Qb8 (20... Qb7 $16) 21. Rcd1 $18 Qb5 22. Qc3 ({Better is} 22. b4 $18) 22... Rxd1 {[%emt 0:03:12] A mistake that costs the game.} (22... c5 $16) 23. Rxd1 {[%emt 0:00:18][%cal Be1d1,Bd1d6,Bd6e6][%mdl 32] Black must now prevent Nd6.} Be6 24. a4 Qb8 25. Rd6 Kg7 $2 (25... Bc8 26. Bd8 Qa7) 26. Rxe6 {[%emt 0:00:13][%mdl 32768] Weighted Error Value: White=0.19 (very precise) /Black=0.39. An unexpected result.} 1/2-1/2

[Event "26th Hit Open-A 2022"]
[Site "Nova Gorica"]
[Date "2022.09.18"]
[Round "5.36"]
[White "Charaus, Florian"]
[Black "Guid, Taja"]
[Result "1-0"]
[ECO "D31"]
[WhiteElo "1993"]
[BlackElo "1511"]
[Annotator "TA"]
[PlyCount "111"]
[EventDate "2022.09.16"]
[EventType "swiss"]
[EventCountry "SLO"]
[SourceTitle "playchess.com"]
[Source "ChessBase"]
[SourceQuality "1"]
[TimeControl "5400+30"]

1. c4 e6 2. d4 d5 3. cxd5 exd5 4. Nc3 c6 5. Qc2 Bd6 6. Nf3 Ne7 7. Bg5 f6 8. Bh4 {[%emt 0:00:10] D31: Queen's Gambit Declined: Semi-Slav without ...Nf6 (+ Marshall Gambit and Noteboom) and Exchange Variation lines without ...Nf6.} Bf5 9. Qb3 Qb6 10. e3 {[%emt 0:00:34] The position is equal.} Qxb3 (10... Na6 $15) 11. axb3 $11 {[%emt 0:00:05] [#]} Nd7 $146 ({Predecessor:} 11... Bc2 12. Nd2 Nf5 13. Bg3 Nxg3 14. hxg3 Nd7 15. Be2 O-O 16. Rc1 Bf5 17. O-O Rfe8 {0-1 (33) Zarandieta Lopera,V (1989)-Arizmendi Martinez,J (2513) Linares 2017}) 12. Be2 O-O 13. O-O Rfe8 14. Bg3 Nc8 15. Rfc1 Bxg3 16. hxg3 h6 (16... Nd6 $11) 17. Nh4 Bh7 18. Bg4 {[%emt 0:01:41] White is more active.} ({White should try} 18. b4 $1 $14) 18... Ndb6 19. Na4 Nxa4 20. bxa4 Nd6 21. b4 a6 22. Be2 Rec8 23. Nf3 {[%emt 0:02:50] [#]} (23. a5 $11 {remains equal.}) 23... Kf7 (23... a5 $1 $17 24. bxa5 Rxa5) 24. Nd2 Bf5 25. Nb3 b6 (25... Rc7 $11) 26. Nd2 Ke7 27. Rc3 (27. a5 $14) 27... Ne4 ({Better is} 27... a5 $11) 28. Nxe4 $14 dxe4 29. Rac1 Kd6 30. a5 {[%emt 0:03:39] White stays focused until the end.} b5 ({Black should play} 30... bxa5 31. bxa5 Be6) 31. f3 $16 Ra7 32. Rc5 Bg6 33. Bd1 Rac7 34. Bc2 f5 {[%emt 0:04:58] [#]} (34... Re7 {was called for.} 35. g4 Kc7) 35. g4 $1 $18 fxg4 36. fxe4 {[%emt 0:00:08] aiming for e5+.} Bf7 37. e5+ Kd7 38. Rf1 Be6 39. Bg6 Ke7 (39... Rh8 {is a better defense.} 40. Rfc1 Bd5 41. Bf5+ Kd8) 40. e4 Bc4 (40... Kd7 $142 41. Rfc1 Bc4) 41. Rf4 {[%emt 0:00:17] d5 is the strong threat.} Be6 42. Kf2 Bc4 $2 (42... h5 43. Ke3 h4) 43. Kg3 {[%emt 0:00:18] Black must now prevent d5.} Be6 44. Kh4 Kd8 45. g3 Ke7 46. Kh5 Kd8 47. Bf5 Ke7 48. Kxg4 g5 49. Rf2 Bxf5+ 50. Rxf5 {[%emt 0:00:56][%mdl 4096] Endgame KRR-KRR} Kd7 51. Rf6 Rh8 52. Rd6+ Kc8 53. Rdxc6 Rxc6 54. Rxc6+ {[%emt 0:00:05] White mates.} Kb7 55. d5 Re8 56. e6 {[%emt 0:01:16] Weighted Error Value: White=0.28 (precise) /Black=0.41} 1-0

[Event "26th Hit Open-A 2022"]
[Site "Nova Gorica"]
[Date "2022.09.18"]
[Round "5.37"]
[White "Zlatanovic, Srdjan"]
[Black "Vah, Denis"]
[Result "0-1"]
[ECO "D02"]
[WhiteElo "1740"]
[BlackElo "1988"]
[Annotator "TA"]
[PlyCount "74"]
[EventDate "2022.09.16"]
[EventType "swiss"]
[EventCountry "SLO"]
[SourceTitle "playchess.com"]
[Source "ChessBase"]
[SourceQuality "1"]
[TimeControl "5400+30"]

1. d4 d5 2. Nf3 c5 3. c3 Nc6 4. Bf4 Nf6 5. e3 Qb6 6. Qb3 c4 7. Qc2 Bf5 8. Qc1 h6 9. Nbd2 e6 {[%emt 0:00:31] D02: 1 d4 d5 2 Nf3 sidelines, including 2...Nf6 3 g3 and 2...Nf6 3 Bf4.} 10. Be2 Be7 11. Ne5 Nxe5 {[%emt 0:03:26] The position is equal.} 12. Bxe5 O-O {[%emt 0:00:33] [#]} 13. Bf3 $146 ({Predecessor:} 13. O-O Rfc8 14. f3 Qd8 15. Qe1 b5 16. e4 Bg6 17. Qg3 b4 18. Rae1 Nh5 19. Qh3 {1-0 (61) Doluhanova,E (2229)-Galyas,M (2476) Chess.com INT 2020}) 13... Qc6 14. O-O b5 (14... Bd3 {seems wilder.} 15. Re1 Ne4 16. a4 Bh4) 15. Re1 Bd3 16. Be2 (16. Bxf6 $5 Bxf6 17. e4 $15) 16... Bh7 17. Bf3 Nd7 18. Bg3 f5 19. Qd1 a5 20. Qe2 Ra6 21. Rec1 g5 22. h3 $1 Bd6 (22... a4 $15) 23. Bxd6 $11 Qxd6 24. g4 $2 (24. a4 $11) 24... Nf6 (24... fxg4 $19 25. Bxg4 Bd3) 25. Bg2 (25. gxf5 $17 exf5 26. a4) 25... a4 (25... fxg4 $19 {Strongly threatening ...Bd3.} 26. hxg4 Bd3) 26. a3 (26. gxf5 $17 Bxf5 27. e4 dxe4 28. Nxe4 Nxe4 29. Bxe4) 26... Ra7 {[%emt 0:00:23] aiming for ...fxg4.} 27. Nf1 $2 (27. gxf5 $17 Bxf5 28. e4 dxe4 29. Re1) 27... Raf7 {[%emt 0:02:30] [#] White must now prevent ...fxg4.} 28. f3 (28. gxf5 {is a better defense.} Bxf5 29. f3) 28... Kh8 (28... fxg4 $142 29. hxg4 Bd3) 29. Rd1 Ng8 ({Black should play} 29... h5 $19 {...fxg4 is the strong threat.} 30. gxh5 Rg8) 30. Rd2 Ne7 {[%emt 0:01:04][%cal Bg8e7,Be7g6,Bg6h4][%mdl 32] Black is more active.} 31. Re1 Ng6 32. Nh2 (32. Bh1 $17) 32... Nh4 $19 33. Rf1 (33. Qf2 {was called for.}) 33... fxg4 34. Nxg4 (34. hxg4 Qc7 35. e4) 34... Bd3 35. Rxd3 cxd3 36. Qxd3 Qg3 {[%emt 0:01:29][%csl Gh4][%cal Rg3g2] [#]} 37. Rf2 Rxf3 {[%emt 0:01:45] Weighted Error Value: White=1.05/Black=0.28 (precise)} 0-1

[Event "26th Hit Open-A 2022"]
[Site "Nova Gorica"]
[Date "2022.09.18"]
[Round "5.38"]
[White "Budai, Leonardo"]
[Black "Both, Aaron"]
[Result "1-0"]
[ECO "B43"]
[WhiteElo "1676"]
[BlackElo "1963"]
[Annotator "TA"]
[PlyCount "75"]
[EventDate "2022.09.16"]
[EventType "swiss"]
[EventCountry "SLO"]
[SourceTitle "playchess.com"]
[Source "ChessBase"]
[SourceQuality "1"]
[TimeControl "5400+30"]

1. e4 c5 2. Nf3 e6 3. d4 cxd4 4. Nxd4 a6 5. Be2 Nf6 6. Nc3 Qc7 7. a3 d6 8. O-O {[%emt 0:00:22] 8.0-0 is better than 8.Be3. B43: Sicilian: Kan Variation: 5 Nc3.} Nbd7 9. Nb3 b5 10. Bf3 {[%emt 0:02:24][%cal Oe4e5] Black must now prevent e5! The position is equal.} Ne5 {[%emt 0:00:58] [#]} 11. Be2 $146 ({Predecessor:} 11. Qe2 Bb7 12. Re1 Be7 13. h3 Rc8 14. Bg4 O-O 15. f4 Nc4 16. Bf3 Nxa3 17. bxa3 Qxc3 {0-1 (43) Ayala Trujillo,A-Pereda de Pablo,E (2167) La Laguna 2007}) 11... h5 (11... Bb7 $15) 12. f4 Neg4 {[%emt 0:01:39] [#]} (12... Nc4 $11 {remains equal.}) 13. h3 $1 $16 Qb6+ 14. Qd4 Qxd4+ 15. Nxd4 Nh6 16. e5 (16. f5 $16) 16... dxe5 $11 17. fxe5 {[%emt 0:00:11][%mdl 64] [#] Discovered Attack} Bc5 (17... Nd7 $1 $14) 18. Be3 $36 {[%emt 0:07:23][%mdl 2048] White is on the roll.} ({Inferior is} 18. exf6 Bxd4+ 19. Kh2 gxf6 $15) 18... Nd5 19. Nxd5 exd5 20. Bxh5 {[%emt 0:12:18] White is much more active.} (20. c3 $16) 20... g6 $2 {[%emt 0:09:10] This costs Black the game.} (20... Bxd4 $11 {and Black is okay.} 21. Bxd4 Nf5) 21. Bf3 $18 Be6 22. c3 Rc8 23. Rfd1 Bxd4 24. Bxd4 ({But not} 24. cxd4 Nf5 $16) 24... Nf5 25. Bf2 Ne7 26. a4 b4 $2 (26... O-O 27. axb5 axb5) 27. cxb4 Rc2 28. Bd4 Bxh3 $2 (28... Nf5 29. Bf2 O-O) 29. gxh3 Rxh3 30. Ra3 Nf5 31. Bxd5 Rh4 32. Bf2 Rg4+ 33. Kf1 {[%emt 0:00:31] Bc5 is the strong threat.} Rf4 34. Rf3 Rxb4 35. b3 Nh6 36. Bc4 Ng4 37. Bxf7+ Ke7 38. Bh4+ {[%emt 0:00:11] Weighted Error Value: White=0.39/Black=0.49} 1-0

[Event "26th Hit Open-A 2022"]
[Site "Nova Gorica"]
[Date "2022.09.18"]
[Round "5.39"]
[White "Cokan, Mirko"]
[Black "Alexandrova, Angelina"]
[Result "0-1"]
[ECO "C01"]
[WhiteElo "1683"]
[BlackElo "1842"]
[Annotator "NA COMBH"]
[PlyCount "102"]
[EventDate "2022.09.16"]
[EventType "swiss"]
[EventCountry "SLO"]
[SourceTitle "playchess.com"]
[Source "ChessBase"]
[SourceQuality "1"]
[TimeControl "5400+30"]

1. d4 e6 2. e4 d5 3. Bd3 dxe4 4. Bxe4 Nf6 5. Bf3 c5 6. Ne2 Nc6 7. c3 cxd4 8. Bxc6+ bxc6 9. cxd4 Bd6 10. Bg5 O-O 11. Nd2 Ba6 12. a3 Be7 13. Nf3 Qa5+ 14. b4 Bxe2 15. Kxe2 Qb6 16. Re1 Ne4 17. Bd2 Qb5+ 18. Ke3 Nd6 19. a4 Nf5+ 20. Kf4 Bd6+ 21. Kg4 Qd5 22. g3 Nxd4 23. Nxd4 Qxd4+ 24. Kh3 Bxb4 25. Bxb4 Qxb4 26. Qf3 c5 27. Reb1 Qd4 28. a5 c4 29. Ra4 Qd5 30. Kg2 Rab8 31. Raa1 Rxb1 32. Qxd5 exd5 33. Rxb1 c3 34. Kf3 Re8 35. Rc1 d4 36. h4 g6 37. a6 Re6 38. g4 Rxa6 39. Ke4 Rd6 40. Kd3 Kf8 41. Kc2 Ke7 42. Kd3 Kd7 43. Ra1 a6 44. Ra5 Kc7 45. g5 Kb6 46. Re5 a5 47. Re1 a4 48. Rc1 Kc5 49. Ra1 Ra6 50. f4 a3 51. Ra2 Kb4 0-1

[Event "26th Hit Open-A 2022"]
[Site "Nova Gorica"]
[Date "2022.09.18"]
[Round "5.40"]
[White "Zlatanovic, Marcus"]
[Black "Azinovic, Igor"]
[Result "1-0"]
[ECO "B53"]
[WhiteElo "1636"]
[BlackElo "1814"]
[Annotator "NA COMBH"]
[PlyCount "75"]
[EventDate "2022.09.16"]
[EventType "swiss"]
[EventCountry "SLO"]
[SourceTitle "playchess.com"]
[Source "ChessBase"]
[SourceQuality "1"]
[TimeControl "5400+30"]

1. e4 c5 2. Nf3 d6 3. d4 cxd4 4. Qxd4 Nc6 5. Bb5 Bd7 6. Bxc6 Bxc6 7. Nc3 Nf6 8. Bg5 Qc7 9. O-O-O O-O-O 10. Bxf6 gxf6 11. Qxa7 Rg8 12. Rhg1 Bh6+ 13. Kb1 Bg7 14. Nd4 f5 15. Nxc6 Qxc6 16. Nd5 Kd7 17. exf5 e6 18. fxe6+ fxe6 19. Nb4 Qb5 20. c3 Ra8 21. Qe3 Rgc8 22. Qd3 Qc5 23. Qxh7 Qe5 24. Rge1 Qf6 25. Qd3 d5 26. Qb5+ Kc7 27. Qe2 Kd6 28. Qe3 Rc4 29. Qb6+ Ke7 30. Qxb7+ Kf8 31. Qxa8+ Kf7 32. Re3 Kg6 33. Rg3+ Kh6 34. Qb7 d4 35. Qxg7+ Qxg7 36. Rxg7 Kxg7 37. Rxd4 Rxd4 38. cxd4 1-0

[Event "26th Hit Open-A 2022"]
[Site "Nova Gorica"]
[Date "2022.09.18"]
[Round "5.41"]
[White "Juvan, Vid"]
[Black "Rigatti, Giorgio"]
[Result "1/2-1/2"]
[ECO "B52"]
[WhiteElo "1564"]
[BlackElo "1763"]
[Annotator "NA COMBH"]
[PlyCount "119"]
[EventDate "2022.09.16"]
[EventType "swiss"]
[EventCountry "SLO"]
[SourceTitle "playchess.com"]
[Source "ChessBase"]
[SourceQuality "1"]
[TimeControl "5400+30"]

1. e4 c5 2. Nf3 d6 3. Bb5+ Bd7 4. Bxd7+ Qxd7 5. O-O Nf6 6. Qe2 Nc6 7. c3 e6 8. Rd1 Be7 9. d4 cxd4 10. cxd4 d5 11. e5 Ne4 12. Nbd2 Nxd2 13. Bxd2 h6 14. a3 O-O 15. Rac1 Rfc8 16. Rc3 Bf8 17. Be3 Ne7 18. Rdc1 Rxc3 19. Rxc3 Rc8 20. Bd2 Rxc3 21. Bxc3 Qa4 22. Ne1 Nc6 23. Qc2 Qc4 24. Qd3 Qb3 25. f4 a6 26. Kf2 Be7 27. f5 exf5 28. Qxf5 Bxa3 29. Qc2 Qxc2+ 30. Nxc2 Bf8 31. Ne3 b5 32. Nxd5 b4 33. Bd2 Nxd4 34. Nxb4 a5 35. Nd3 Nb3 36. Bc3 a4 37. Bb4 Bxb4 38. Nxb4 Kf8 39. Nd5 Nd2 40. Nc3 Nc4 41. Nxa4 Nxe5 42. h3 Ke7 43. Ke3 f5 44. b3 g5 45. Nb6 Nc6 46. Nc4 Ke6 47. Kd3 Kd5 48. Ne3+ Ke5 49. Nc2 Kf4 50. Ke2 Kg3 51. Kf1 f4 52. Ne1 h5 53. Nf3 g4 54. hxg4 hxg4 55. Ng1 Nd4 56. b4 Kh2 57. b5 Nxb5 58. Ne2 f3 59. gxf3 gxf3 60. Kf2 1/2-1/2

[Event "26th Hit Open-A 2022"]
[Site "Nova Gorica"]
[Date "2022.09.18"]
[Round "5.42"]
[White "Novak, Rok"]
[Black "Novak, Simona"]
[Result "1-0"]
[ECO "B11"]
[WhiteElo "1763"]
[BlackElo "1692"]
[Annotator "NA COMBH"]
[PlyCount "57"]
[EventDate "2022.09.16"]
[EventType "swiss"]
[EventCountry "SLO"]
[SourceTitle "playchess.com"]
[Source "ChessBase"]
[SourceQuality "1"]
[TimeControl "5400+30"]

1. e4 c6 2. Nc3 d5 3. Nf3 Bg4 4. h3 Bxf3 5. Qxf3 e6 6. Be2 Nf6 7. O-O Bc5 8. Rd1 Bd4 9. Qf4 Nbd7 10. exd5 Be5 11. Qb4 cxd5 12. d4 a5 13. Qxb7 Rb8 14. Qa6 Bc7 15. Qd3 O-O 16. a4 Rb6 17. Bf3 Bb8 18. Nb5 Ne8 19. Bd2 Rb7 20. Re1 Nd6 21. b3 Qb6 22. c4 Nxb5 23. axb5 dxc4 24. bxc4 Ra7 25. c5 Nxc5 26. dxc5 Qc7 27. g3 Rd8 28. Qc2 Rc8 29. b6 1-0

[Event "26th Hit Open-A 2022"]
[Site "Nova Gorica"]
[Date "2022.09.18"]
[Round "5.43"]
[White "Budai, Federico"]
[Black "Mocic, Ivano"]
[Result "1/2-1/2"]
[ECO "B07"]
[WhiteElo "1712"]
[BlackElo "1672"]
[Annotator "NA COMBH"]
[PlyCount "53"]
[EventDate "2022.09.16"]
[EventType "swiss"]
[EventCountry "SLO"]
[SourceTitle "playchess.com"]
[Source "ChessBase"]
[SourceQuality "1"]
[TimeControl "5400+30"]

1. e4 g6 2. g3 Bg7 3. Bg2 d6 4. Nf3 a6 5. O-O Nf6 6. Re1 O-O 7. d3 Bg4 8. h3 Bxf3 9. Bxf3 c6 10. Nc3 Nbd7 11. Bg2 Qc7 12. Be3 b5 13. Ne2 Rad8 14. c3 d5 15. Qc2 e5 16. Rac1 Nb6 17. exd5 cxd5 18. f4 exf4 19. Bxf4 Qd7 20. Qd2 Rfe8 21. b3 Na8 22. Bg5 Rc8 23. Nf4 Nc7 24. Qf2 Qd6 25. Ne2 h6 26. Bf4 Qd7 27. d4 1/2-1/2

[Event "26th Hit Open-A 2022"]
[Site "Nova Gorica"]
[Date "2022.09.18"]
[Round "5.44"]
[White "Savoia, Serge"]
[Black "Gamal, Alaa"]
[Result "0-1"]
[ECO "B01"]
[WhiteElo "1636"]
[BlackElo "1693"]
[Annotator "NA COMBH"]
[PlyCount "88"]
[EventDate "2022.09.16"]
[EventType "swiss"]
[EventCountry "SLO"]
[SourceTitle "playchess.com"]
[Source "ChessBase"]
[SourceQuality "1"]
[TimeControl "5400+30"]

1. e4 d5 2. d3 dxe4 3. dxe4 Qxd1+ 4. Kxd1 e5 5. Be3 Nf6 6. f3 Be6 7. g3 Nc6 8. c3 a6 9. Nd2 Rd8 10. Kc2 Nd7 11. Bh3 Bxh3 12. Nxh3 Nc5 13. Nf2 b5 14. Bxc5 Bxc5 15. Nd3 Bb6 16. a4 O-O 17. f4 f5 18. exf5 exf4 19. g4 Be3 20. Nf3 h6 21. axb5 axb5 22. Ra6 Rd6 23. Rha1 Rfd8 24. Nde1 b4 25. h4 Bf2 26. Ng2 bxc3 27. bxc3 Bg3 28. Ra8 Kf7 29. Rxd8 Rxd8 30. Ra4 Re8 31. Nxf4 Re3 32. Nd2 Bxh4 33. Nd5 Re2 34. Kd3 Rg2 35. Ne4 Rxg4 36. Nd6+ cxd6 37. Rxg4 Ne5+ 38. Ke4 Nxg4 39. Kf4 Ne5 40. Ke4 Be1 41. Kf4 Nc6 42. Kg4 Ne7 43. c4 Nxd5 44. cxd5 Kf6 0-1

[Event "26th Hit Open-A 2022"]
[Site "Nova Gorica"]
[Date "2022.09.18"]
[Round "5.45"]
[White "Hellsten, Uffe"]
[Black "Papler, Peter"]
[Result "1-0"]
[ECO "B07"]
[WhiteElo "1732"]
[BlackElo "1750"]
[Annotator "NA COMBH"]
[PlyCount "61"]
[EventDate "2022.09.16"]
[EventType "swiss"]
[EventCountry "SLO"]
[SourceTitle "playchess.com"]
[Source "ChessBase"]
[SourceQuality "1"]
[TimeControl "5400+30"]

1. e4 d6 2. d4 Nf6 3. Nc3 c6 4. f3 Qc7 5. Bc4 Nbd7 6. Nge2 e5 7. Be3 Be7 8. Qd2 Nf8 9. O-O-O Ne6 10. Bb3 Bd7 11. g4 b5 12. d5 Nd8 13. Ng3 c5 14. g5 Ng8 15. a3 a5 16. a4 c4 17. Ba2 bxa4 18. f4 Rb8 19. Qf2 f6 20. fxe5 dxe5 21. Nf5 Bf8 22. gxf6 gxf6 23. Qe2 a3 24. Qh5+ Nf7 25. d6 axb2+ 26. Kb1 Qc8 27. Nd5 Bxf5 28. Nc7+ Kd7 29. Qxf7+ Kc6 30. Qxc4+ Kd7 31. Qa4+ 1-0